 Dungeon Crawl Stone Soup version 0.28-a0-312-gbced6e68ee (webtiles) character file.

Game seed: 3859900084657015638

339 siradein the Reanimator (level 6, -4/49 HPs)
             Began as a Deep Dwarf Necromancer on Aug 31, 2021.
             Slain by a killer bee (6 damage)
             ... on level 3 of the Dungeon.
             The game lasted 00:18:35 (2821 turns).

siradein the Reanimator (Deep Dwarf Necromancer)    Turns: 2821, Time: 00:18:35

Health: -4/49      AC:  3    Str: 11    XL:     6   Next: 29%
Magic:  0/17 (8)   EV: 12    Int: 18    God:
Gold:   88         SH:  0    Dex: 13    Spells: 4/8 levels left

rFire   . . .      SeeInvis +   k - +2 short sword (freeze)
rCold   . . .      Faith    .   (no shield)
rNeg    . . .      Spirit   .   a - +0 robe
rPois   .          Reflect  .   (helmet restricted)
rElec   .          Harm     .   (no cloak)
rCorr   .          Rampage  .   p - +0 pair of gloves
Will    .....                   (no boots)
Stlth   ++........              (no amulet)
HPRegen 0.00/turn               n - ring of see invisible
MPRegen 0.15/turn               c - ring of magical power

@: lethally poisoned (-4 -> -4)
A: damage resistance, heal wounds, sense surroundings 1, no regeneration,
antennae 1, hooves 1
a: Heal Wounds


You were on level 3 of the Dungeon.
You visited 1 branch of the dungeon, and saw 4 of its levels.

You collected 112 gold pieces.
You spent 24 gold pieces at shops.

Inventory:

Hand Weapons
 k - a +2 short sword of freezing (weapon)
Armour
 a - a +0 robe (worn)
 p - a +0 pair of gloves (worn)
Jewellery
 b - a ring of protection from cold
 c - a ring of magical power (right hand)
 n - a ring of see invisible (left hand)
Wands
 o - a wand of acid (7)
Scrolls
 d - 3 scrolls of amnesia {unknown}
 e - a scroll of immolation {unknown}
 f - a scroll of magic mapping {unknown}
 i - a scroll of enchant weapon {unknown}
 j - a scroll of enchant armour {unknown}
Potions
 g - a potion of invisibility {unknown}
 h - a potion of haste
 l - a potion of curing
 m - a potion of brilliance {unknown}
 q - a potion of berserk rage {unknown}


   Skills:
 - Level 2.1 Dodging
 - Level 2.4 Stealth
 - Level 1.7 Spellcasting
 + Level 8.4 Necromancy


You had 4 spell levels left.
You knew the following spells:

 Your Spells              Type           Power      Damage    Failure   Level
a - Pain                  Necr           100%       1d9       1%          1
b - Vampiric Draining     Necr           15%        2d8       1%          3

Your spell library contained the following spells:

 Spells                   Type           Power      Damage    Failure   Level
 Animate Skeleton         Necr           62%        N/A       1%          1
 Animate Dead             Necr           15%        N/A       6%          4
 Agony                    Necr           31%        N/A       16%         5


Dungeon Overview and Level Annotations

Branches:
Dungeon (4/15)
 Temple: D:4-7

Altars:
Nemelex Xobeh
Ru

Shops:
D:2 ?


Innate Abilities, Weirdness & Mutations

You are resistant to damage.
You can heal yourself by infusing magical energy.
You passively map a small area around you.
You do not regenerate.
You have a pair of small antennae on your head.
You have large cloven feet.


Message History

The killer bee misses you.
Aiming: Pain (safe; 1% risk of failure)
Press: ? - help, Q - select action, (/) - cycle Shift-Dir - straight line, f/p - killer bee
Aim: a killer bee (heavily wounded, chance to affect: 89%)
The killer bee writhes in agony!
You kill the killer bee!
The killer bee stings you!
* * * LOW HITPOINT WARNING * * *
You are poisoned.
The killer bee poisons you!
Unknown command.
It was a potion of curing.
You feel better. The killer bee stings you.
* * * LOW HITPOINT WARNING * * *
The killer bee closely misses you.
Aiming: Corrosive Bolt
Press: ? - help, Shift-Dir - straight line, f - killer bee
Aim: a killer bee (43% to hit)
The bolt of acid hits the killer bee!
The acid corrodes the killer bee!
The killer bee is severely wounded.
The killer bee closely misses you. The killer bee barely misses you.
Aiming: Pain (safe; 1% risk of failure)
Press: ? - help, Q - select action, (/) - cycle Shift-Dir - straight line, f/p - killer bee
Aim: a killer bee (severely wounded, covered in acid, chance to affect: 89%)
The killer bee writhes in agony.
The killer bee completely misses you. The killer bee barely misses you.
Unknown command.
The killer bee misses you.
Aiming: Pain (safe; 1% risk of failure)
Press: ? - help, Q - select action, (/) - cycle Shift-Dir - straight line, f/p - killer bee
Aim: a killer bee (severely wounded, covered in acid, chance to affect: 89%)
The killer bee writhes in agony.
The killer bee stings you!
* * * LOW HITPOINT WARNING * * *
You are poisoned.
The killer bee poisons you! The killer bee misses you.
The killer bee barely misses you. The killer bee closely misses you.
The killer bee closely misses you. The killer bee stings you!
You die...

....##..#.# #.# ###.###
..........# #.# #.#.#
....##..##########.#
#..## ........#
#........# #.## .######.#
#.######## #.# ........#
#.# #.# .##.##### #.# #.#
.##..# #.#############
#.#
.###)######.....@y....†.#
#.#
.......#..#############.#
#.# .......#..# #.# #.#
##...####.#############.#
#.#
.......#..........>.....#
#.#
...#...#..###############
#.# ##'#'###..# ##.#
...#.....## #..#
...#.....# #.##


You could see a killer bee (corroded).

Vanquished Creatures
  A necrophage (D:3)
  An ogre (D:3)
  2 killer bees (D:3)
  3 adders
  A dart slug (D:2)
  7 endoplasms
  A giant cockroach (D:2)
  5 goblins
  3 hobgoblins
  2 quokkas (D:1)
  8 ball pythons
  4 bats (D:2)
  4 frilled lizards
  7 kobolds
  2 rats
  A spectral kobold (D:3)
52 creatures vanquished.

Notes
Turn   | Place    | Note
-------+----------+-------------------------------------------
     0 | D:1      | siradein the Deep Dwarf Necromancer began the quest for the
                  | Orb.
     0 | D:1      | Reached XP level 1. HP: 15/15 MP: 3/3
   303 | D:1      | Reached XP level 2. HP: 22/22 MP: 1/4
   423 | D:1      | Reached skill level 5 in Necromancy
  1080 | D:2      | Found Zamoum's Magic Scroll Boutique.
  1091 | D:2      | Bought a scroll of identify for 24 gold pieces
  1093 | D:2      | Gained mutation: You have large cloven feet. [potion of
                  | mutation]
  1093 | D:2      | Gained mutation: You have a pair of small antennae on your
                  | head. [potion of mutation]
  1118 | D:2      | Reached XP level 3. HP: 25/28 MP: 2/5
  1215 | D:2      | Learned a level 3 spell: Vampiric Draining
  1860 | D:3      | Noticed a necrophage
  1990 | D:3      | Noticed an ogre
  1998 | D:3      | Killed an ogre
  1999 | D:3      | Reached skill level 6 in Necromancy
  1999 | D:3      | Reached XP level 4. HP: 36/36 MP: 4/6
  2081 | D:3      | Found a sacrificial altar of Ru.
  2148 | D:3      | Found a sparkling altar of Nemelex Xobeh.
  2190 | D:3      | Reached skill level 7 in Necromancy
  2259 | D:3      | Reached XP level 5. HP: 42/42 MP: 7/7
  2406 | D:3      | Found a faded altar of an unknown god.
  2628 | D:3      | Killed a necrophage
  2802 | D:3      | Reached skill level 8 in Necromancy
  2802 | D:3      | Reached XP level 6. HP: 7/49 MP: 3/8
  2808 | D:3      | HP: 1/49 [killer bee (4)]
  2817 | D:3      | HP: 2/49 [killer bee (6)]
  2821 | D:3      | Slain by a killer bee

Illustrated notes

Levels and vault maps discovered:
D:1:      lemuel_arrival_room, layout_loops_ring
D:2:      layout_loops_cross, serial_shops, nicolae_shop_crystal,
          kennysheep_generic_room_11
D:3:      layout_loops_ring, hangedman_ru_absence,
          nemelex_xobeh_ov_fountains_minmay,
          dreamdust_ecumenical_altar_drowned_temple, hex_tiny
D:4:      cheibrodos_thug_alley, layout_basic, pf_just_have_faith,
          minmay_temple_entry_ruins, ebering_ghost_sewer_f

Skill      XL: |  1  2  3  4  5 |
---------------+----------------+-----
Necromancy     | 5 6 7 8 |  8.4
Dodging        | |  2.1
Stealth        | |  2.4
Spellcasting   | |  1.7

Action                   |  1- 3 |  4- 6 || total
-------------------------+-------+-------++-------
Melee: Short sword       |     9 |    12 ||    21
       Kick              |     1 |     1 ||     2
 Cast: Pain              |    48 |    21 ||    69
       Vampiric Draining |     3 |     4 ||     7
Evoke: Wand              |       |     1 ||     1
  Use: Scroll            |     2 |       ||     2
       Potion            |     1 |     1 ||     2
Armor: Robe              |     6 |     7 ||    13
Dodge: Dodged            |    12 |    30 ||    42

Table legend: (Time is in decaauts)
 A = Elapsed time spent in this place.
 B = Non-inter-level travel time spent in this place.
 C = Inter-level travel time spent in this place.
 D = Time resting spent in this place.
 E = Time spent auto-exploring this place.
 F = Levels seen in this place.
 G = Mean time per level.
                   A        B        C        D        E       F      G
               +--------+--------+--------+--------+--------+-----+--------+
         Total |   2830 |   2753 |     77 |      5 |   2342 |   4 |  707.5 |
       Dungeon |   2830 |   2753 |     77 |      5 |   2342 |   4 |  707.5 |
               +--------+--------+--------+--------+--------+-----+--------+

Top non-repeatable levels by time:
     D:2: 1094 daAuts
     D:3: 873 daAuts
     D:1: 777 daAuts
     D:4: 85 daAuts
